 Dungeon Crawl Stone Soup version 0.22.1-2-g9c5b331383 (webtiles) character file.

440522 Peloso the Minotaur Barricade (level 23, -3/224 HPs)
             Began as a Minotaur Fighter on Jan 1, 2019.
             Was the Champion of Okawaru.
             Killed from afar by a tengu reaver (20 damage)
             ... with a bolt of magma
             ... on level 5 of the Vaults.
             The game lasted 03:08:35 (53952 turns).

Peloso the Minotaur Barricade (Minotaur Fighter)   Turns: 53952, Time: 03:08:36

Health: -3/224     AC: 52    Str: 28    XL:     23   Next: 1%
Magic:  21/23      EV: 14    Int: 10    God:    Okawaru [******]
Gold:   1406       SH: 29    Dex: 26    Spells: 22/22 levels left

rFire    + . .     SeeInvis +   b - +9 double sword of the Puffin {drain, Dex+3 Stlth+}
rCold    + . .     Gourm    .   D - +1 large shield {AC+3}
rNeg     . . .     Faith    .   J - +8 orange crystal plate armour {Archmagi, Int+3 Clar}
rPois    +         Spirit   .   H - +3 crown of Dyrovepreva {rElec Int+2 SInv}
rElec    +         Reflect  .   l - scarf {rC+ rF+}
rCorr    .         Harm     .   k - +3 pair of gauntlets of War {Slay+5}
MR       ++...     Clarity  +   (no boots)
Stlth    ..........             N - amulet of False Pretenses {*Corrode rPois Regen+ Dex+10 Slay+3}
HPRegen  0.87/turn              q - +4 ring of protection
MPRegen  0.18/turn              m - ring of protection from magic

@: heroism, very slightly contaminated, hasted, drained, very quick
A: retaliatory headbutt, horns 2
}: 2/15 runes: barnacled, gossamer
a: Heroism, Finesse, Renounce Religion


You were on level 5 of the Vaults.
You worshipped Okawaru.
Okawaru was exalted by your worship.
You were not hungry.

You visited 8 branches of the dungeon, and saw 40 of its levels.
You also visited: Labyrinth, Ice Cave and Wizlab.

You collected 5180 gold pieces.
You spent 3774 gold pieces at shops.

Inventory:

Hand Weapons
 a - a +9 double sword of flaming
 b - the +9 double sword of the Puffin (weapon) {drain, Dex+3 Stlth+}
   (Okawaru gifted it to you on level 5 of the Vaults)

   A truly terrible weapon, it drains the life of those it strikes.
   It affects your dexterity (+3).
   It makes you more stealthy.
 A - the +10 falchion "Wela Nau" {protect, rC++ Dex+7}
   (You found it on level 2 of the Elven Halls)

   It protects the one who uses it against injury (+AC on strike).
   It affects your dexterity (+7).
   It greatly protects you from cold.
Armour
 k - the +3 pair of gauntlets of War (worn) {Slay+5}
   (Okawaru gifted it to you on level 1 of the Lair of Beasts)

   It affects your accuracy and damage with ranged weapons and melee attacks
   (+5).
 l - a scarf of resistance (worn)
 y - +0 shadow dragon scales
 D - a +1 large shield of protection (worn)
 E - the +1 plate armour "Giovum" {rC+ Int+2}
   (Okawaru gifted it to you on level 5 of the Vaults)

   It affects your intelligence (+2).
   It protects you from cold.
 F - a +2 hat of magic resistance
 H - the +3 crown of Dyrovepreva (worn) {rElec Int+2 SInv}
   (You found it on level 4 of the Shoals)

   It affects your intelligence (+2).
   It insulates you from electricity.
   It lets you see invisible.
 J - the +8 orange crystal plate armour (worn) {Archmagi, Int+3 Clar}
   (You bought it in a shop on level 13 of the Dungeon)

   It affects your intelligence (+3).
   It protects you against confusion.
Jewellery
 m - a ring of protection from magic (right hand)
 q - a +4 ring of protection (left hand)
 w - a +1 ring of evasion
 C - an uncursed ring of positive energy
 N - the amulet of False Pretenses (around neck) {*Corrode rPois Regen+ Dex+10 Slay+3}
   (You found it on level 3 of the Elven Halls)

   [amulet of regeneration]

   It affects your dexterity (+10).
   It affects your accuracy and damage with ranged weapons and melee attacks
   (+3).
   It protects you from poison.
   It increases your rate of regeneration.
   It may corrode you when you take damage.
Scrolls
 c - 3 scrolls of holy word
 g - 7 scrolls of blinking
 h - 2 scrolls of magic mapping
 i - 15 scrolls of teleportation
 j - 4 scrolls of fear
 s - 4 scrolls of identify
 t - 14 scrolls of remove curse
 u - 4 scrolls of fog
 v - 4 scrolls of noise
 R - 3 scrolls of summoning
Potions
 d - 4 potions of might
 e - a potion of heal wounds
 n - 19 potions of curing
 o - 3 potions of agility
 p - 3 potions of flight
 r - 3 potions of resistance
 x - 6 potions of haste
 B - 4 potions of berserk rage
Comestibles
 f - 73 rations
 z - 4 chunks of flesh


   Skills:
 + Level 22.3(26.8) Fighting
 + Level 23.0(26.8) Long Blades
 + Level 19.5(24.4) Armour
 + Level 3.5(8.4) Dodging
 + Level 2.1(7.0) Stealth
 O Level 27(26.8) Shields
 + Level 2.1(2.0) Invocations
   Level 2.6(2.5) Evocations


You had 22 spell levels left.
You didn't know any spells.
Your spell library contained the following spells:

 Spells                   Type           Power        Failure   Level  Hunger
 Animate Skeleton         Necr           N/A          96%         1    ##.....
 Confusing Touch          Hex            #.....       96%         1    ##.....
 Infusion                 Chrm           #...         96%         1    ##.....
 Magic Dart               Conj           #...         96%         1    ##.....
 Pain                     Necr           #...         96%         1    ##.....
 Sandblast                Erth           #.....       96%         1    ##.....
 Summon Small Mammal      Summ           #...         96%         1    ##.....
 Call Imp                 Summ           #.......     99%         2    ###....
 Passwall                 Tmut/Erth      #.......     99%         2    ###....
 Poisonous Vapours        Pois/Air       #.....       99%         2    ###....
 Searing Ray              Conj           #.....       99%         2    ###....
 Shroud of Golubria       Chrm/Tloc      #.........   99%         2    ###....
 Song of Slaying          Chrm           #.......     99%         2    ###....
 Call Canine Familiar     Summ           #.......     100%        3    ####...
 Confuse                  Hex            #.......     100%        3    ####...
 Conjure Flame            Conj/Fire      #.......     100%        3    ####...
 Dazzling Spray           Conj/Hex       #.....       100%        3    ####...
 Gell's Gravitas          Tloc           #.........   100%        3    ####...
 Mephitic Cloud           Conj/Pois/Air  #.......     100%        3    ####...
 Regeneration             Chrm/Necr      #.........   100%        3    ####...
 Spectral Weapon          Hex/Chrm       #.......     100%        3    ####...
 Stone Arrow              Conj/Erth      #.....       100%        3    ####...
 Summon Guardian Golem    Hex/Summ       #.......     100%        3    ####...
 Vampiric Draining        Necr           #.........   100%        3    ####...
 Animate Dead             Necr           N/A          100%        4    #####..
 Force Lance              Conj/Tloc      #.......     100%        4    #####..
 Fulminant Prism          Conj/Hex       #.........   100%        4    #####..
 Iskenderun's Mystic Bla  Conj           #.......     100%        4    #####..
 Petrify                  Tmut/Erth      #.......     100%        4    #####..
 Summon Ice Beast         Ice/Summ       #.......     100%        4    #####..
 Summon Lightning Spire   Summ/Air       #.......     100%        4    #####..
 Lee's Rapid Deconstruct  Erth           #.........   100%        5    ######.
 Metabolic Englaciation   Hex/Ice        #.........   100%        5    ######.
 Yara's Violent Unravell  Hex/Tmut       #.........   100%        5    ######.
 Freezing Cloud           Conj/Ice/Air   #.........   100%        6    #######
 Malign Gateway           Summ/Tloc      #.........   100%        7    #######
 Monstrous Menagerie      Summ           #.........   100%        7    #######
 Ring of Flames           Chrm/Fire      #.........   100%        7    #######
 Summon Greater Demon     Summ           #.........   100%        7    #######
 Summon Horrible Things   Summ           #.........   100%        8    #######


Dungeon Overview and Level Annotations

Branches:
Dungeon (15/15)            Temple (1/1) D:7            Lair (6/6) D:9
 Shoals (4/4) Lair:2       Spider (4/4) Lair:2        Slime (0/5) Lair:5
    Orc (2/2) D:12            Elf (3/3) Orc:2        Vaults (5/5) D:13
  Crypt (0/3) Vaults:2     Depths (0/5) D:15

Altars:
Ashenzari
Cheibriados
Elyvilon
Fedhas
Gozag
Hepliaklqana
Kikubaaqudgha
Makhleb
Nemelex Xobeh
Okawaru
Qazlal
Ru
Sif Muna
Trog
Uskayaw
Wu Jian
Xom
Yredelemnul
Zin
The Shining One
Beogh

Shops:
D:13 *   Orc:2 %(!}%   Elf:2 (   Vaults:1 [

Annotations:
Lair:4 3 runed doors, Peloso's ghost, journeyman MiFi


Innate Abilities, Weirdness & Mutations

You reflexively headbutt those who attack you in melee.
You have a pair of horns on your head.


Message History

Unknown command.
You slice the white very ugly thing!!
You kill the white very ugly thing!
Okawaru accepts your kill.
The water nymph changes into a death drake!
You block the tengu reaver's attack. x2
The tengu reaver claws you but does no damage.
The yaktaur captain wields an arbalest.
The yaktaur captain shoots a bolt.
The bolt hits you!
* * * LOW HITPOINT WARNING * * *
You chop the tengu reaver into pieces!!!
The tengu reaver is heavily wounded.
Unknown command.
You slash the tengu reaver! Your headbutt misses the tengu reaver.
The tengu reaver is heavily wounded.
The stone giant throws a large rock.
The large rock hits you!!
* * * LOW HITPOINT WARNING * * *
The tengu reaver points at you and mumbles some strange words.
The bolt of magma hits you! You partially resist.
You die...

pk.#
#CQ#
#**#
#DQ#
#cp#
#.C#
#QD#
#.@#
#..#
#..#
#..#
#..#
#..#
#..#
#..#


You could see 2 shadow dragons, a frost giant, a stone giant, a vault warden, 3
tengu reavers, a yaktaur captain, a death drake shaped shifter, a vault sentinel
and 2 battlespheres.

Vanquished Creatures
  A greater mummy (WizLab)
  The ghost of Dofent the Brawler, an adept TrMo of Ashenzari (Elf:2)
  3 tentacled monstrosities
  2 deep elf blademasters (Elf:3)
  A kraken (Shoals:3)
  4 deep elf master archers (Elf:3)
  Polyphemus (Shoals:3)
  Gastronok (D:11)
  8 sphinxes
  3 storm dragons
  5 shadow dragons
  4 tengu reavers
  Ilsuiw (Shoals:2)
  13 vault wardens
  A frost giant (Vaults:3)
  6 ghost moths
  5 deep elf sorcerers (Elf:3)
  An orc warlord (Orc:1)
  3 emperor scorpions
  4 deep elf elementalists (Elf:3)
  6 stone giants
  18 ironheart preservers
  An entropy weaver (shapeshifter) (Vaults:4)
  3 very ugly things
  4 entropy weavers
  Nessos (D:13)
  6 deep elf demonologists
  A dire elephant (shapeshifter) (Vaults:3)
  5 deep elf annihilators (Elf:3)
  The ghost of spacerossing the Basher, a journeyman OgFi of Kikubaaqudgha (D:11)
  A spark wasp (Spider:4)
  Azrael (D:15)
  3 merfolk javelineers (Shoals:4)
  A dire elephant (Lair:6)
  4 ettins
  A minotaur (Lab)
  5 deep elf death magi
  A mummy priest (WizLab)
  Josephine (D:13)
  5 merfolk impalers
  3 great orbs of eyes
  13 yaktaur captains
  7 deep elf high priests
  43 vault guards
  11 hydras
  4 fire dragons
  An ice dragon (Vaults:3)
  4 rakshasas
  3 catoblepae
  An alligator snapping turtle (Shoals:2)
  2 merfolk avatars (Shoals:4)
  Erica (D:8)
  47 two-headed ogres
  2 death knights
  4 satyrs
  A deep troll shaman (Lair:6)
  13 death yaks
  29 dancing weapons
  5 orc high priests
  17 ogre magi
  3 tengu warriors
  A queen ant (Lair:4)
  8 centaur warriors
  6 merfolk aquamancers
  21 deep elf knights
  2 small abominations (Elf:3)
  A shadow wraith (Vaults:4)
  A titan skeleton (Vaults:5)
  13 sea snakes
  3 skeletal warriors (Vaults:2)
  A deep troll (Vaults:4)
  2 glowing orange brains
  3 unseen horrors
  2 wizards
  27 deep elf archers
  Pikel (D:5)
  17 ironbrand convokers
  29 harpies
  86 deep elf magi
  An obsidian statue (Elf:2)
  4 necromancers
  A phantasmal warrior (Vaults:4)
  27 wolf spiders
  An orb spider (shapeshifter) (Vaults:1)
  10 orc sorcerers
  15 orb spiders
  13 orc knights
  2 fauns (Shoals:2)
  14 manticores
  4 oklob plants
  6 cyclopes
  A sphinx skeleton (Vaults:5)
  5 ugly things
  20 elephants
  A salamander (shapeshifter) (D:15)
  5 black mambas
  5 water nymphs
  A tengu skeleton (Vaults:5)
  11 vault sentinels
  Psyche (D:8)
  2 moths of wrath (shapeshifter)
  2 torpor snails (Spider:1)
  2 ice statues (IceCv)
  A demonspawn zombie (WizLab)
  Joseph (D:7)
  10 merfolk sirens
  A gargoyle (D:15)
  5 centaur skeletons
  2 human zombies (Vaults:5)
  An elf zombie (Vaults:5)
  10 komodo dragons
  12 spiny frogs
  A yaktaur (shapeshifter) (Vaults:4)
  A spriggan zombie (WizLab)
  4 rime drakes
  36 yaktaurs
  8 ice devils (IceCv)
  8 demonic crawlers
  10 freezing wraiths
  7 guardian mummies (WizLab)
  2 yaktaur zombies (WizLab)
  A minotaur skeleton (Lab)
  A troll (shapeshifter) (Vaults:1)
  7 trolls
  A tengu simulacrum (Vaults:1)
  35 jumping spiders
  8 wind drakes
  10 hornets
  21 merfolk
  2 raiju (shapeshifter)
  A deep troll zombie (WizLab)
  34 slime creatures
  Prince Ribbit (D:8)
  10 blink frogs
  3 dream sheep (Shoals:1)
  An ettin zombie (WizLab)
  10 snapping turtles
  10 hippogriffs
  A human simulacrum (Vaults:1)
  2 air elementals (Elf:2)
  An ice dragon zombie (WizLab)
  4 shadows
  104 redbacks
  A spriggan (D:7)
  14 water elementals
  5 wyverns
  55 yaks
  35 tarantellas
  6 wraiths
  An orc simulacrum (Vaults:3)
  A hog (shapeshifter) (Vaults:2)
  A yak (shapeshifter) (Vaults:3)
  5 basilisks
  3 fire elementals
  3 steam dragons
  A human (shapeshifter) (Vaults:2)
  7 vampire mosquitoes
  6 hungry ghosts
  A monstrous demonspawn zombie (WizLab)
  6 wargs (Orc:1)
  Menkaure (D:6)
  A gelid demonspawn zombie (WizLab)
  7 water moccasins
  An acid dragon (D:14)
  9 porcupines
  12 soldier ants
  5 hell hounds
  6 sky beasts
  5 ice beasts
  2 black bears
  2 phantoms
  45 orc warriors
  An eye of draining (D:13)
  A necrophage (D:5)
  A blink frog zombie (WizLab)
  21 wolves
  44 ogres
  7 boggarts
  9 crocodiles
  33 centaurs
  A big kobold (D:9)
  19 bullfrogs
  A wyvern zombie (D:14)
  2 earth elementals
  2 human skeletons (Vaults:5)
  2 wyvern skeletons
  A water moccasin zombie (D:9)
  3 scorpions
  A killer bee (D:7)
  4 wights (D:15)
  9 howler monkeys
  6 electric eels
  6 crimson imps
  2 centaur zombies
  8 hounds
  7 bullfrog skeletons
  19 jellies
  35 orc wizards
  25 orc priests
  5 iguanas
  2 spriggan simulacra (IceCv)
  25 worker ants
  4 centaur simulacra (IceCv)
  A hound zombie (D:5)
  A howler monkey zombie (D:8)
  A howler monkey skeleton (D:5)
  9 adders
  9 gnolls
  3 naga simulacra (IceCv)
  An ogre simulacrum (IceCv)
  2 shadow imps
  4 oozes
  2 adder skeletons
  3 adder zombies
  4 worms
  2 dart slugs
  10 leopard geckos
  157 orcs
  A ball python (D:2)
  4 bats
  3 giant cockroaches
  9 goblins
  10 hobgoblins
  11 jackals
  8 quokkas
  4 frilled lizards
  11 kobolds
  A leopard gecko skeleton (D:4)
  A leopard gecko zombie (D:5)
  8 rats
  2 bushes (Lair:5)
  2 fungi (Lair:5)
  9 plants
  A tentacle (Shoals:3)
1964 creatures vanquished.

Vanquished Creatures (others)
  4 deep elf knights
  2 redbacks
  An orc warrior (Vaults:4)
  2 ogres (Vaults:3)
  A gnoll sergeant (D:5)
  A hound (D:11)
  An orc wizard (Vaults:1)
  An orc (Vaults:4)
  A fungus (Lair:6)
  13 plants
  4 tentacles (Shoals:3)
31 creatures vanquished.

Grand Total: 1995 creatures vanquished

Notes
Turn   | Place    | Note
-------+----------+-------------------------------------------
     0 | D:1      | Peloso the Minotaur Fighter began the quest for the Orb.
     0 | D:1      | Reached XP level 1. HP: 19/19 MP: 0/0
    92 | D:1      | Reached skill level 4 in Shields
   145 | D:1      | Reached XP level 2. HP: 24/27 MP: 1/1
   423 | D:1      | You fall through a shaft!
   513 | D:2      | Reached XP level 3. HP: 33/33 MP: 2/2
   780 | D:2      | Reached XP level 4. HP: 37/40 MP: 3/3
   842 | D:2      | Found a blossoming altar of Fedhas.
   981 | D:3      | Reached XP level 5. HP: 29/46 MP: 4/4
  1339 | D:3      | Reached skill level 5 in Shields
  1795 | D:4      | Reached XP level 6. HP: 29/53 MP: 5/5
  1811 | D:4      | Reached skill level 5 in Armour
  2158 | D:4      | Reached skill level 5 in Fighting
  2163 | D:4      | Reached skill level 1 in Dodging
  2171 | D:4      | Reached skill level 5 in Long Blades
  2213 | D:4      | Reached XP level 7. HP: 51/61 MP: 6/6
  2500 | D:5      | Entered Level 5 of the Dungeon
  2650 | D:5      | Reached skill level 6 in Shields
  3002 | D:5      | Reached XP level 8. HP: 64/70 MP: 7/7
  3028 | D:5      | Found a hazy altar of Hepliaklqana.
  3228 | D:5      | Noticed Pikel
  3249 | D:5      | Killed Pikel
  3249 | D:5      | Reached skill level 7 in Shields
  3435 | D:6      | Noticed Menkaure
  3718 | D:6      | Killed Menkaure
  3718 | D:6      | Reached XP level 9. HP: 78/78 MP: 8/8
  3819 | D:5      | Reached skill level 8 in Shields
  4873 | D:7      | Found a staircase to the Ecumenical Temple.
  4895 | Temple   | Entered the Ecumenical Temple
  5028 | Temple   | Became a worshipper of Warmaster Okawaru
  5267 | D:7      | Reached skill level 9 in Shields
  5653 | D:7      | Noticed Joseph
  5698 | D:7      | Killed Joseph
  5698 | D:7      | Reached skill level 10 in Long Blades
  5698 | D:7      | Reached skill level 1 in Stealth
  6105 | D:7      | Noticed an eight-headed hydra
  6545 | D:7      | Reached * piety under Okawaru
  6631 | D:8      | Reached XP level 10. HP: 59/88 MP: 9/9
  6907 | D:8      | Noticed Psyche
  7219 | D:8      | Noticed Erica
  7232 | D:8      | Killed Erica
  7232 | D:8      | Reached skill level 10 in Shields
  7295 | D:8      | Noticed a two-headed ogre
  7307 | D:8      | Killed a two-headed ogre
  7307 | D:8      | Reached ** piety under Okawaru
  7371 | D:8      | Noticed Prince Ribbit
  7378 | D:8      | Killed Prince Ribbit
  7429 | D:8      | Killed Psyche
  7530 | D:9      | Reached *** piety under Okawaru
  7973 | D:9      | Reached XP level 11. HP: 83/95 MP: 10/10
  8472 | D:9      | Found a staircase to the Lair.
  8529 | D:10     | Entered Level 10 of the Dungeon
  8591 | D:10     | Reached skill level 11 in Shields
  8655 | D:10     | Noticed a two-headed ogre
  8661 | D:10     | Killed a two-headed ogre
  8759 | D:10     | Reached **** piety under Okawaru
  9225 | D:11     | Noticed spacerossing's ghost (journeyman OgFi)
  9522 | D:11     | Noticed Gastronok
  9543 | D:11     | Killed Gastronok
  9543 | D:11     | Reached ***** piety under Okawaru
  9543 | D:11     | Reached skill level 10 in Armour
  9826 | D:11     | Found a runed gate.
  9842 | D:11     | Found a runed gate.
  9842 | D:11     | Found a runed gate.
 10104 | D:11     | Reached skill level 10 in Fighting
 10124 | D:11     | Reached skill level 1 in Evocations
 10506 | Lair:1   | Entered Level 1 of the Lair of Beasts
 10532 | Lair:1   | Received a gift from Okawaru
 10532 | Lair:1   | Reached skill level 12 in Shields
 10532 | Lair:1   | Reached XP level 12. HP: 106/106 MP: 11/11
 10533 | Lair:1   | Found the +3 pair of gauntlets of War {Slay+5}
 10598 | Lair:1   | Found a frozen archway.
 10645 | IceCv    | Entered an ice cave
 10685 | IceCv    | Reached ****** piety under Okawaru
 11134 | Lair:1   | Reached skill level 15 in Long Blades
 11251 | Lair:1   | Noticed an eight-headed hydra
 11260 | Lair:1   | Killed a five-headed hydra
 11882 | Lair:2   | Received a gift from Okawaru
 12084 | Lair:2   | Found a staircase to the Shoals.
 12197 | Lair:2   | Reached skill level 13 in Shields
 12212 | Lair:2   | Found a hole to the Spider Nest.
 12234 | Lair:2   | Reached XP level 13. HP: 113/117 MP: 12/12
 13937 | Lair:4   | Noticed a minotaur
 14000 | Lair:4   | Received a gift from Okawaru
 14000 | Lair:4   | Reached skill level 14 in Shields
 14027 | Lair:4   | Noticed Peloso's ghost (journeyman MiFi)
 14042 | Lair:4   | Found a runed gate.
 14042 | Lair:4   | Found a runed gate.
 14042 | Lair:4   | Found a runed gate.
 14180 | Lair:4   | Received a gift from Okawaru
 14209 | Lair:4   | Found a shimmering altar of Xom.
 14219 | Lair:4   | Found a labyrinth entrance.
 14228 | Lab      | Entered a labyrinth
 14417 | Lab      | Noticed a minotaur
 14430 | Lab      | Killed a minotaur
 14515 | Lair:4   | Reached skill level 1 in Invocations
 14942 | Lair:4   | Noticed an entropy weaver
 14943 | Lair:4   | Noticed an entropy weaver
 15117 | Lair:4   | Killed an entropy weaver
 15643 | Lair:4   | Killed an entropy weaver
 15643 | Lair:4   | Reached XP level 14. HP: 121/129 MP: 12/14
 15890 | Lair:4   | Got a brightly glowing great sword {god gift}
 15891 | Lair:4   | Identified the +11 great sword of Boh Kuid {holy, rC+
                  | Str+2} (Okawaru gifted it to you on level 4 of the Lair of
                  | Beasts)
 15966 | Lair:5   | Found a staircase to the Slime Pits.
 16268 | Lair:5   | Reached skill level 15 in Shields
 17109 | Lair:6   | Entered Level 6 of the Lair of Beasts
 17325 | Lair:6   | Received a gift from Okawaru
 17726 | Lair:6   | Reached skill level 16 in Shields
 18287 | Lair:3   | Received a gift from Okawaru
 18546 | Lair:3   | Got a translucent broad axe {god gift}
 18627 | Lair:1   | Identified the +1 broad axe of Suzuttuj {pain, rC+ Int+4}
                  | (Okawaru gifted it to you on level 3 of the Lair of Beasts)
 19074 | D:12     | Found a staircase to the Orcish Mines.
 19274 | D:12     | You fall through a shaft for 2 floors!
 19354 | D:13     | Noticed Nessos
 19369 | D:13     | Killed Nessos
 19667 | D:13     | Received a gift from Okawaru
 19739 | D:13     | Found Kezxumil's Assorted Antiques.
 19751 | D:13     | Noticed Josephine
 19753 | D:13     | Reached XP level 15. HP: 129/139 MP: 15/15
 19764 | D:13     | Killed Josephine
 19873 | D:13     | Bought a coppery potion for 22 gold pieces
 20360 | D:11     | Killed spacerossing's ghost
 20647 | D:13     | Reached skill level 17 in Shields
 20666 | D:13     | Received a gift from Okawaru
 20846 | D:13     | Found a gate to the Vaults.
 21179 | Orc:1    | Entered Level 1 of the Orcish Mines
 21332 | Orc:2    | Entered Level 2 of the Orcish Mines
 21332 | Orc:2    | Found a staircase to the Elven Halls.
 21332 | Orc:2    | Noticed an orc warlord
 21397 | Orc:1    | Killed an orc warlord
 22262 | Orc:2    | Paralysed by an orc sorcerer for 7 turns
 22618 | Orc:2    | Received a gift from Okawaru
 22728 | Orc:2    | Found Puoxtyar's Food Shop.
 22750 | Orc:2    | Reached skill level 15 in Fighting
 23088 | Orc:2    | Found Yclaosmo's Gadget Shoppe.
 23088 | Orc:2    | Found Xaraisk's Food Shop.
 23090 | Orc:2    | Found Okovoal's Distillery.
 23090 | Orc:2    | Found Plog's Weapon Shop.
 23104 | Orc:2    | Bought a potion of brilliance for 56 gold pieces
 23104 | Orc:2    | Bought 2 potions of degeneration for 28 gold pieces
 23104 | Orc:2    | Bought a potion of might for 56 gold pieces
 23330 | Orc:1    | Found a roughly hewn altar of Beogh.
 23691 | D:14     | Reached skill level 18 in Shields
 24112 | D:15     | Entered Level 15 of the Dungeon
 24195 | D:15     | Noticed Azrael
 24209 | D:15     | Killed Azrael
 24215 | D:15     | Reached XP level 16. HP: 106/149 MP: 5/16
 24426 | D:15     | Received a gift from Okawaru
 24464 | D:15     | Got a jewelled demon blade {god gift}
 24465 | D:15     | Identified the +3 demon blade "Iserpheill" {elec, Fragile
                  | +Inv rPois Dex+6} (Okawaru gifted it to you on level 15 of
                  | the Dungeon)
 24614 | D:15     | Found a staircase to the Depths.
 25405 | Shoals:1 | Entered Level 1 of the Shoals
 26470 | Shoals:2 | Received a gift from Okawaru
 26488 | Shoals:2 | HP: 7/151 [alligator snapping turtle (28)]
 26537 | Shoals:2 | Got a faintly humming plate armour {god gift}
 26574 | Shoals:2 | Reached skill level 15 in Armour
 26576 | Shoals:2 | Reached skill level 19 in Shields
 26929 | Shoals:2 | Identified the +1 plate armour of Guclyat {Stlth+} (Okawaru
                  | gifted it to you on level 2 of the Shoals)
 27213 | Shoals:2 | Noticed Ilsuiw
 27272 | Shoals:2 | Killed Ilsuiw
 28488 | Spider:1 | Entered Level 1 of the Spider Nest
 29906 | Spider:2 | Received a gift from Okawaru
 30089 | Spider:2 | Reached XP level 17. HP: 160/160 MP: 17/17
 31304 | Spider:3 | Received a gift from Okawaru
 31373 | Spider:3 | Reached skill level 20 in Shields
 31401 | Spider:3 | Received a gift from Okawaru
 32978 | Shoals:3 | Noticed Polyphemus
 33373 | Shoals:3 | Killed Polyphemus
 33838 | Shoals:3 | Noticed a kraken
 33855 | Shoals:3 | Killed a kraken
 33855 | Shoals:3 | Received a gift from Okawaru
 34270 | Shoals:4 | Entered Level 4 of the Shoals
 34833 | Shoals:4 | Received a gift from Okawaru
 35381 | Shoals:4 | Reached skill level 21 in Shields
 35802 | Shoals:4 | Reached XP level 18. HP: 165/170 MP: 18/18
 35888 | Shoals:4 | Got a barnacled rune of Zot
 36004 | Shoals:4 | Found the +3 crown of Dyrovepreva {rElec Int+2 SInv}
 36203 | Spider:4 | Entered Level 4 of the Spider Nest
 36771 | Spider:4 | Received a gift from Okawaru
 37532 | Spider:4 | Got a gossamer rune of Zot
 38072 | Elf:1    | Entered Level 1 of the Elven Halls
 38152 | Elf:1    | Received a gift from Okawaru
 38377 | Elf:1    | Reached skill level 22 in Shields
 39097 | Elf:1    | Noticed a Hell Sentinel
 39343 | Elf:1    | Received a gift from Okawaru
 39373 | Elf:1    | Reached XP level 19. HP: 136/181 MP: 19/19
 39410 | Elf:1    | Received a gift from Okawaru
 39874 | Elf:2    | Got an ichor-stained falchion
 39875 | Elf:2    | Identified the +10 falchion "Wela Nau" {protect, rC++
                  | Dex+7} (You found it on level 2 of the Elven Halls)
 39931 | Elf:2    | Found Keng's Weapon Shoppe.
 40271 | Elf:2    | Found a runed gate.
 40271 | Elf:2    | Found a runed gate.
 40271 | Elf:2    | Found an opulent altar of Gozag.
 40275 | Elf:2    | Found a runed gate.
 40280 | Elf:2    | Noticed Dofent's ghost (adept TrMo)
 40321 | Elf:2    | Killed Dofent's ghost
 41040 | Elf:2    | Found a huge runed gate.
 41040 | Elf:2    | Found a huge runed gate.
 41040 | Elf:2    | Found a huge runed gate.
 41040 | Elf:2    | Found a huge runed gate.
 41040 | Elf:2    | Found a huge runed gate.
 41095 | Elf:2    | Received a gift from Okawaru
 41147 | Elf:2    | Reached skill level 23 in Shields
 41629 | Elf:3    | Entered Level 3 of the Elven Halls
 41636 | Elf:3    | Identified a scroll of acquirement
 41746 | Elf:3    | Got a coiled bronze amulet
 41872 | Elf:3    | Identified the amulet of False Pretenses {*Corrode rPois
                  | Regen+ Dex+10 Slay+3} (You found it on level 3 of the Elven
                  | Halls)
 41916 | Elf:3    | Received a gift from Okawaru
 43594 | Elf:3    | Received a gift from Okawaru
 43605 | Elf:3    | Reached XP level 20. HP: 117/191 MP: 20/20
 44257 | Elf:3    | Reached skill level 24 in Shields
 44345 | Elf:3    | Got a scorched pewter amulet
 45065 | Lair:1   | Identified the amulet "Bebbeu" {RegenMP Int+3} (You took it
                  | off a deep elf master archer on level 3 of the Elven Halls)
 45285 | Vaults:1 | Entered Level 1 of the Vaults
 45426 | Vaults:1 | Received a gift from Okawaru
 45558 | Vaults:1 | Received a gift from Okawaru
 46383 | Vaults:1 | Found Githafoi's Antique Armour Shop.
 46417 | Vaults:1 | Reached skill level 25 in Shields
 46423 | Vaults:1 | Received a gift from Okawaru
 46447 | Vaults:1 | Reached XP level 21. HP: 185/201 MP: 21/21
 47290 | Vaults:2 | Received a gift from Okawaru
 47357 | Vaults:2 | Got a translucent hat {god gift}
 47377 | Vaults:2 | Identified the +0 hat "Umickav" {Dex+3} (Okawaru gifted it
                  | to you on level 2 of the Vaults)
 47619 | Vaults:2 | Got a dazzling cloak
 47620 | Vaults:2 | Identified the +0 cloak of the Great Game {rF+} (You found
                  | it on level 2 of the Vaults)
 48048 | Vaults:2 | Found a staircase to the Crypt.
 48048 | Vaults:2 | Found a basalt altar of Yredelemnul.
 48049 | Vaults:2 | Found an ancient bone altar of Kikubaaqudgha.
 48579 | Vaults:3 | Found an iron altar of Okawaru.
 48681 | Vaults:3 | Got a fine garnet amulet
 48684 | Vaults:3 | Identified the amulet of Xenuug {RegenMP -Tele +Inv rF+
                  | Slay+3} (You found it on level 3 of the Vaults)
 49059 | Vaults:3 | Reached skill level 26 in Shields
 49930 | Vaults:4 | Received a gift from Okawaru
 50016 | Vaults:4 | Found a magical portal.
 50025 | WizLab   | Entered Doroklohe's Tomb
 50621 | WizLab   | Noticed a greater mummy
 50655 | WizLab   | Killed a greater mummy
 51391 | Vaults:4 | Reached XP level 22. HP: 213/213 MP: 22/22
 51401 | Vaults:4 | Received a gift from Okawaru
 52428 | D:13     | Bought the +8 orange crystal plate armour {Archmagi, Int+3
                  | Clar} for 3612 gold pieces
 52428 | D:13     | Found the +8 orange crystal plate armour {Archmagi, Int+3
                  | Clar}
 52814 | Vaults:5 | Entered Level 5 of the Vaults
 53006 | Vaults:5 | Received a gift from Okawaru
 53032 | Vaults:4 | Reached skill level 27 in Shields
 53689 | Vaults:5 | Got a pitted double sword {god gift}
 53693 | Vaults:5 | Identified the +9 double sword of the Puffin {drain, Dex+3
                  | Stlth+} (Okawaru gifted it to you on level 5 of the Vaults)
 53779 | Vaults:5 | Received a gift from Okawaru
 53783 | Vaults:5 | Got a dazzling plate armour {god gift}
 53856 | Vaults:4 | Identified the +1 plate armour "Giovum" {rC+ Int+2}
                  | (Okawaru gifted it to you on level 5 of the Vaults)
 53891 | Vaults:5 | Noticed a golden dragon
 53896 | Vaults:5 | Noticed a golden dragon
 53948 | Vaults:5 | Reached XP level 23. HP: 52/224 MP: 20/23
 53952 | Vaults:5 | Killed from afar by a tengu reaver

Skill      XL: |  1  2  3  4  5  6  7  8  9 10 11 12 13 14 15 16 17 18 19 20 21 22 |
---------------+-------------------------------------------------------------------+-----
Shields        | 4 5 6 7 9 10 12 13 14 16 18 19 21 22 23 25 26 27 | 27.0
Armour         | 4 5 6 8 9 10 11 12 13 14 15 16 17 18 19 | 19.5
Fighting       | 4 5 6 7 8 10 11 13 14 15 16 17 18 19 20 21 22 | 22.3
Long Blades    | 3 4 5 6 8 10 12 14 15 16 17 18 19 20 21 22 23 | 23.0
Dodging        | 1 2 3 |  3.5
Stealth        | 1 2 |  2.1
Evocations     | 1 2 |  2.6
Invocations    | 1 2 |  2.1

Action                   |  1- 3 |  4- 6 |  7- 9 | 10-12 | 13-15 | 16-18 | 19-21 | 22-24 || total
-------------------------+-------+-------+-------+-------+-------+-------+-------+-------++-------
Melee: Long sword        |    96 |   155 |   371 |   119 |       |       |       |       ||   741
       Headbutt          |    15 |    28 |    89 |   156 |   383 |   407 |   451 |   195 ||  1724
       Short sword       |       |       |    11 |       |       |       |       |       ||    11
       Scimitar          |       |       |       |   546 |   896 |       |       |       ||  1442
       Double sword      |       |       |       |       |   384 |  1456 |  1310 |   462 ||  3612
       Falchion          |       |       |       |       |       |       |    14 |       ||    14
Invok: Heroism           |       |       |       |     3 |     8 |     2 |     3 |     1 ||    17
Evoke: Wand              |       |       |       |     5 |       |    35 |     6 |       ||    46
  Use: Scroll            |       |     5 |     4 |    12 |    13 |     5 |    10 |     5 ||    54
       Potion            |       |       |     1 |     1 |     1 |     8 |    11 |     1 ||    23
 Stab: Petrified         |       |       |       |       |       |     1 |       |       ||     1
       Petrifying        |       |       |       |       |       |       |     1 |       ||     1
  Eat: Chunk             |       |     4 |    13 |    17 |    36 |    40 |    32 |     9 ||   151
       Ration            |       |       |     1 |       |     2 |     3 |     2 |       ||     8
Armor: Scale mail        |     3 |       |       |       |       |       |       |       ||     3
       Chain mail        |    47 |    81 |   149 |       |       |       |       |       ||   277
       Plate armour      |       |       |       |   166 |       |       |       |       ||   166
       Crystal plate arm |       |       |       |    66 |   715 |  1170 |   477 |   250 ||  2678
Dodge: Dodged            |    29 |    38 |   113 |    99 |   280 |   419 |   179 |    97 ||  1254
Block: Shield            |    44 |    89 |   246 |   350 |  1072 |   977 |       |       ||  2778
       Large shield      |       |       |       |       |       |   660 |  1503 |   737 ||  2900
       Rpst.: Long sword |    10 |     8 |    33 |     4 |       |       |       |       ||    55
       Scimitar          |       |       |       |    15 |    36 |       |       |       ||    51
       Double sword      |       |       |       |       |    25 |    80 |    38 |    20 ||   163
